 Dungeon Crawl Stone Soup version 0.20-a0-1088-gd50b1d5 (webtiles) character file.

525568 Rrauwl the Axe Maniac (level 25, -3/257 HPs)
             Began as a Hill Orc Abyssal Knight on May 1, 2017.
             Was the Champion of Lugonu.
             Killed from afar by a starcursed mass (9 damage)
             ... with an accursed screaming
             ... on level 1 of the Abyss on May 2, 2017.
             The game lasted 04:59:52 (58039 turns).

Rrauwl the Axe Maniac (Hill Orc Abyssal Knight)    Turns: 58039, Time: 04:59:54

Health: -3/257     AC: 41    Str: 23    XL:     25   Next: 44%
Magic:  36/40      EV:  5    Int: 12    God:    Lugonu [******]
Gold:   2571       SH:  0    Dex: 20    Spells: 18/24 levels left

rFire    + + .     SeeInvis .   a - +9 executioner's axe (flame)
rCold    . . .     Gourm    .   (shield currently unavailable)
rNeg     . . .     Faith    .   o - +7 crystal plate armour of Fopuk {Dex+4}
rPois    +         Spirit   .   u - +2 hat
rElec    .         Reflect  .   Y - +2 cloak {+Inv}
rCorr    .         Harm     .   w - +0 pair of gloves
MR       +++..                  V - +2 pair of boots {Fly}
Stlth    ..........             f - amulet of regeneration
Regen    1.0/turn               P - ring "Kuijy" {*Contam rPois rF+ MR+ Dex+4}
MPRegen  0.3/turn               N - ring of protection from magic

@: about to teleport, flying, constricted, drained
A: horns 1, talons 1, fire resistance 1, sense surroundings 1, weak 1, wild
magic 1
}: 3/15 runes: decaying, abyssal, gossamer
a: Depart the Abyss, Bend Space, Banish, Corrupt, Enter the Abyss, Brand Weapon
With Distortion, Renounce Religion, Evoke Invisibility, Stop Flying


You were on level 1 of the Abyss.
You worshipped Lugonu.
Lugonu was exalted by your worship.
You were not hungry.

You visited 8 branches of the dungeon, and saw 40 of its levels.
You visited the Abyss 14 times.
You also visited: Labyrinth, Ice Cave and Volcano.

You collected 4918 gold pieces.
You spent 2347 gold pieces at shops.

Inventory:

Hand Weapons
 a - a +9 executioner's axe of flaming (weapon)
 b - a +0 hunting sling of freezing
Missiles
 d - 108 sling bullets
Armour
 o - the +7 crystal plate armour of Fopuk (worn) {Dex+4}
   (You acquired it on level 1 of the Spider Nest)

   It affects your dexterity (+4).
 u - a +2 hat (worn)
 w - a +0 pair of gloves (worn)
 V - a +2 pair of boots of flying (worn)
 Y - a +2 cloak of invisibility (worn)
Jewellery
 f - an amulet of regeneration (around neck)
 H - an uncursed ring of positive energy
 N - a ring of protection from magic (right hand)
 P - the ring "Kuijy" (left hand) {*Contam rPois rF+ MR+ Dex+4}
   (You bought it in a shop on level 3 of the Depths)

   [ring of protection from fire]

   It affects your dexterity (+4).
   It protects you from fire.
   It protects you from poison.
   It affects your resistance to hostile enchantments.
   It causes magical contamination when unequipped.
Wands
 k - a wand of iceblast (11/15)
 n - a wand of clouds (9/9)
 q - a wand of polymorph (7/24)
 t - a wand of confusion (21/48)
 F - a wand of paralysis (10/24)
 O - a wand of lightning (8/15)
 Q - a wand of scattershot (6/9)
 U - a wand of disintegration (22/24)
 W - a wand of acid (7/15)
 Z - a wand of digging (24/24)
Scrolls
 g - 19 scrolls of identify
 i - 24 scrolls of remove curse
 m - 3 scrolls of silence
 p - 11 scrolls of teleportation
 s - 2 scrolls of holy word
 B - a scroll of fog
 C - 3 scrolls of magic mapping
 D - 4 scrolls of blinking
 J - 4 scrolls of fear
 L - 5 scrolls of immolation
Potions
 e - a potion of berserk rage
 v - 15 potions of curing
 A - 4 potions of cancellation
 G - 4 potions of haste
 R - 5 potions of ambrosia
 X - a potion of resistance
Miscellaneous
 y - 3 phantom mirrors
 I - a phial of floods
 M - a box of beasts
Comestibles
 h - 31 royal jellies


   Skills:
 O Level 27(26.7) Fighting
 O Level 27(26.7) Axes
 + Level 15.0(14.8) Armour
 - Level 5.0(4.8) Dodging
 O Level 27(26.7) Invocations
 - Level 8.0(7.8) Evocations


You had 18 spell levels left.
You knew the following spells:

 Your Spells              Type           Power        Failure   Level  Hunger
a - Blink                 Tloc           N/A          100%        2    ###....
b - Regeneration          Chrm/Necr      #.........   100%        3    ####...
c - Apportation           Tloc           #.....       100%        1    ##.....


Dungeon Overview and Level Annotations

Branches:
Dungeon (15/15)            Temple (1/1) D:6            Lair (6/6) D:8
  Swamp (4/4) Lair:3       Spider (4/4) Lair:3        Slime (0/5) Lair:5
    Orc (2/2) D:12            Elf (0/3) Orc:2        Vaults (5/5) D:14
  Crypt (0/3) Vaults:3     Depths (3/5) D:15

Altars:
Ashenzari
Cheibriados
Dithmenos
Elyvilon
Fedhas
Gozag
Hepliaklqana
Kikubaaqudgha
Makhleb
Nemelex Xobeh
Okawaru
Qazlal
Ru
Sif Muna
Trog
Uskayaw
Vehumet
Wu Jian
Xom
Yredelemnul
Zin
The Shining One
Beogh
Jiyva
Lugonu

Shops:
D:13 %   Orc:2 =[*(   Vaults:4 }   Depths:2 =   Depths:3 =}=

Portals:
Hell: Depths:1 Depths:2 Depths:3
Abyss: Depths:3
Pandemonium: Depths:1 Depths:3


Innate Abilities, Weirdness & Mutations

You have a pair of small horns on your head.
You have sharp toenails.
Your flesh is heat resistant. (rF+)
You passively map a small area around you.
You are weak. (Str -2)
Your spells are a little harder to cast, but a little more powerful.


Message History

The tentacled monstrosity is moderately wounded.
A starcursed mass splits.
A chorus of shrieks assaults your mind.
* * * LOW HITPOINT WARNING * * *
The tentacled monstrosity tentacle-slaps you but does no damage. x3
The tentacled monstrosity constricts you.
You slash the tentacled monstrosity! You burn the tentacled monstrosity.
Your headbutt misses the tentacled monstrosity.
The tentacled monstrosity is moderately wounded.
A chorus of shrieks assaults your mind.
* * * LOW HITPOINT WARNING * * *
Unknown command.
You feel better.
The tentacled monstrosity tentacle-slaps you!
* * * LOW HITPOINT WARNING * * *
The tentacled monstrosity tentacle-slaps you but does no damage.
The tentacled monstrosity barely misses you.
The tentacled monstrosity constricts you.
A chorus of shrieks assaults your mind.
You die...

.. .........
.... .......
....###....##
............#
............#
............#
............#
............#
...###@##### .
#X........
.XXZ....#..
.............
#..##.......#..
###...#.#.##...
#.#...#.# ###
..##.####


You could see 2 starcursed masses, a tentacled monstrosity and a golden dragon
skeleton.

Vanquished Creatures
  An ancient lich (Depths:3)
  A juggernaut (Depths:2)
  Xtahua (Vaults:2)
  Arachne (Spider:2)
  4 bone dragons
  4 liches
  2 tentacled monstrosities
  Rupert (D:15)
  2 hellephants (Abyss:1)
  2 titans (Vaults:5)
  A sphinx (Vaults:4)
  20 tentacled starspawn
  Frances (Swamp:2)
  Donald (Spider:4)
  Gastronok (Lair:3)
  3 thorn hunters
  Roxanne (Swamp:1)
  3 tengu reavers
  A draconian monk (Abyss:3)
  2 fire giants
  Aizul (Swamp:1)
  A deep elf sorcerer (Vaults:1)
  A cacodemon (Abyss:3)
  3 ghost moths (Spider:4)
  3 frost giants
  14 vault wardens
  Louise (Swamp:3)
  4 balrugs
  7 emperor scorpions
  A reaper (Abyss:2)
  A ghoul (Vaults:3)
  20 stone giants
  A draconian shifter (Abyss:2)
  14 very ugly things
  14 ironheart preservers
  A vampire knight (Depths:3)
  A caustic shrike skeleton (Depths:2)
  8 entropy weavers
  2 deep elf demonologists
  Nessos (D:15)
  A lorocyproca (Abyss:1)
  2 deep elf annihilators
  Azrael (D:15)
  A yellow draconian (Abyss:1)
  2 spark wasps
  A dire elephant (Abyss:1)
  A green death (Abyss:3)
  A purple draconian (Abyss:1)
  A crystal guardian (Abyss:1)
  A minotaur (Lab)
  9 great orbs of eyes
  3 blizzard demons
  6 ettins
  2 deep elf high priests (Vaults:5)
  14 yaktaur captains
  23 ogre magi
  A merfolk impaler (Abyss:3)
  10 fire dragons
  4 rakshasas
  A quicksilver dragon skeleton (Abyss:3)
  27 vault guards
  3 naga warriors
  A catoblepas (Lair:4)
  24 hydras
  2 spriggan air magi (Depths:3)
  6 ice dragons
  A ghost crab (Swamp:3)
  A monstrous demonspawn (Depths:1)
  13 centaur warriors
  4 alligators
  3 death knights
  80 two-headed ogres
  The ghost of kroki the Fighter, a novice MiAE of Hepliaklqana (D:10)
  3 vampire magi (Depths:3)
  2 deep troll shamans (Depths:2)
  A deep troll earth mage (Depths:2)
  11 tengu warriors
  2 spriggan berserkers (Depths:3)
  6 death yaks
  25 thrashing horrors
  5 sun demons
  3 orc high priests (Orc:2)
  5 deep elf knights
  17 wretched stars
  Nergalle (Lair:3)
  A spatial maelstrom (Abyss:3)
  A shadow wraith (Vaults:2)
  5 hell knights
  13 deep trolls
  12 skeletal warriors
  4 sixfirhies
  An unseen horror (shapeshifter) (Vaults:4)
  6 unseen horrors
  A spriggan druid (Swamp:4)
  A gelid demonspawn (Depths:1)
  4 glowing orange brains
  6 deep elf archers
  A shadow demon (Depths:1)
  2 storm dragon skeletons (Vaults:3)
  3 wizards
  4 phantasmal warriors
  A lindwurm (Lair:6)
  2 shambling mangroves (Swamp:4)
  10 ironbrand convokers
  Pikel (D:5)
  5 harpies (Vaults:3)
  11 orc knights
  2 wolf spider zombies
  11 swamp dragons
  A mana viper (Abyss:1)
  24 wolf spiders
  9 necromancers
  22 ugly things
  A stone giant zombie (Abyss:3)
  2 cyclopes (shapeshifter)
  9 deep elf magi
  5 cyclopes
  A sphinx skeleton (Depths:3)
  A manticore (D:13)
  6 orc sorcerers
  4 salamanders
  4 oklob plants (Lair:1)
  A shining eye (shapeshifter) (Vaults:5)
  A frost giant zombie (Vaults:4)
  16 orb spiders
  4 worldbinders
  4 guardian serpents
  5 stone giant skeletons
  8 vault sentinels
  A guardian serpent (shapeshifter) (Depths:3)
  6 black mambas (Lair:6)
  13 elephants
  2 rust devils (Depths:3)
  A titan simulacrum (Abyss:1)
  2 ice statues (IceCv)
  Psyche (D:11)
  7 orange demons
  A fire giant skeleton (Vaults:3)
  2 naga magi
  2 molten gargoyles (Lair:6)
  14 smoke demons
  4 gargoyles
  2 apocalypse crabs (Abyss:3)
  A storm dragon simulacrum (Vaults:4)
  2 torpor snails (Lair:3)
  A spriggan skeleton (Depths:3)
  A dire elephant zombie (Abyss:2)
  4 efreet
  A spiny frog (shapeshifter) (Vaults:3)
  4 rime drakes
  17 komodo dragons
  18 spiny frogs
  51 yaktaurs
  8 demonic crawlers
  A dire elephant skeleton (Abyss:2)
  A tormentor (Abyss:3)
  A komodo dragon (shapeshifter) (Vaults:4)
  A redback zombie (D:15)
  7 ice devils
  5 freezing wraiths
  A spark wasp simulacrum (Depths:3)
  A hellwing (Abyss:1)
  12 ancient zymes
  A tengu conjurer (Depths:1)
  2 red devils
  A troll (shapeshifter) (Depths:1)
  2 polar bears
  4 trolls
  A silent spectre (Abyss:3)
  A yaktaur skeleton (Vaults:3)
  A meliai (shapeshifter) (Vaults:1)
  22 jumping spiders
  A jumping spider (shapeshifter) (Vaults:4)
  10 tyrant leeches
  10 bog bodies
  27 hornets
  Grinder (D:6)
  2 blink frogs (shapeshifter)
  30 blink frogs
  10 hippogriffs
  29 slime creatures
  A sphinx simulacrum (Vaults:4)
  2 elf zombies
  A stone giant simulacrum (Depths:2)
  22 dream sheep
  An ice dragon zombie (Abyss:3)
  3 frost giant simulacra
  37 raiju
  Sigmund (D:2)
  A centaur simulacrum (D:15)
  2 fire dragon zombies
  A flying skull (Abyss:3)
  77 redbacks
  3 shadows
  16 spriggans
  38 starcursed masses
  5 ettin skeletons
  25 tarantellas
  40 yaks
  34 large abominations
  An orc simulacrum (Vaults:2)
  15 fire bats
  8 wraiths
  A wyvern (Lair:6)
  A water elemental (Depths:3)
  12 ynoxinuls
  2 yaks (shapeshifter)
  5 basilisks
  6 fire elementals
  5 neqoxecs
  5 steam dragons
  4 hungry ghosts
  10 golden eyes
  6 humans (D:7)
  5 chaos spawn
  37 vampire mosquitoes
  19 swamp worms
  14 hell hounds
  4 wargs
  A soldier ant (D:8)
  3 spatial vortices (Abyss:3)
  3 nagas
  A naga (shapeshifter) (Vaults:2)
  18 water moccasins
  2 acid dragons (Vaults:1)
  A soldier ant (shapeshifter) (Depths:1)
  10 porcupines
  24 orc warriors
  A slave (D:5)
  14 swamp drakes
  3 ice beasts
  2 sky beasts
  3 eyes of draining
  A phantom (D:10)
  A black bear (shapeshifter) (Vaults:4)
  An eye of draining (shapeshifter) (Abyss:1)
  61 ogres
  2 black bears
  A necrophage (D:13)
  11 wolves
  9 boggarts (Depths:1)
  19 centaurs
  15 crocodiles
  A wyvern zombie (D:8)
  21 bullfrogs
  2 gnoll sergeants
  10 scorpions
  31 small abominations
  6 killer bees
  15 wights
  4 howler monkeys
  3 electric eels
  10 crimson imps
  10 lava snakes
  A bullfrog zombie (D:11)
  6 human zombies
  4 quasits
  Crazy Yiuf (D:4)
  15 hounds
  4 bullfrog skeletons
  20 orc priests
  7 centaur skeletons
  19 orc wizards
  8 iron imps
  2 jellies
  Jessica (D:2)
  8 human skeletons
  3 iguanas
  Ijyb (D:7)
  16 worker ants
  2 lightning spires (Abyss:3)
  An ogre skeleton (D:13)
  2 hound zombies (D:6)
  A hound skeleton (D:6)
  A mummy (D:13)
  2 worker ant zombies
  Robin (D:2)
  A howler monkey zombie (D:9)
  9 adders
  10 gnolls
  2 shadow imps
  11 white imps
  12 ufetubi
  2 oozes
  An adder zombie (D:8)
  2 adder skeletons
  5 worms
  A dart slug (D:4)
  4 leopard geckos
  86 orcs
  6 giant cockroaches
  19 goblins
  7 hobgoblins
  14 jackals
  9 kobolds
  2 quokkas (D:9)
  6 bats
  5 frilled lizards
  A leopard gecko skeleton (D:5)
  2 orc zombies (D:13)
  7 rats
  3 briar patches (Swamp:2)
  9 fungi
  16 plants
  26 starspawn tentacles
2265 creatures vanquished.

Vanquished Creatures (collateral kills)
  A gnoll (D:9)
1 creature vanquished.

Vanquished Creatures (others)
  A ghost moth (Spider:4)
  A reaper (IceCv)
  A spriggan druid (Swamp:4)
  An orb spider (Spider:4)
  An ugly thing (D:14)
  A jumping spider (Spider:2)
  A floating eye (Depths:2)
  An orc wizard (Orc:2)
  3 white imps (IceCv)
  4 ufetubi (IceCv)
  A bush (Abyss:1)
  11 fungi
  10 plants
  25 starspawn tentacles
62 creatures vanquished.

Grand Total: 2328 creatures vanquished

Notes
Turn   | Place    | Note
-------+----------+-------------------------------------------
     0 | Abyss:1  | Rrauwl the Hill Orc Abyssal Knight began the quest for the Orb.
     0 | Abyss:1  | Reached XP level 1. HP: 19/19 MP: 2/2
    51 | Abyss:2  | Noticed a water elemental
   113 | Abyss:3  | Noticed a tentacled starspawn
   124 | Abyss:3  | Noticed a small abomination
   129 | Abyss:3  | Noticed a small abomination
   130 | Abyss:3  | Noticed a spatial maelstrom
   130 | Abyss:3  | Noticed a spatial vortex
   131 | Abyss:3  | Noticed a spatial vortex
   145 | Abyss:3  | Noticed a tentacled starspawn
   147 | D:1      | Escaped the Abyss
   661 | D:1      | Reached skill level 1 in Dodging
   661 | D:1      | Reached XP level 2. HP: 27/27 MP: 3/3
  1157 | D:2      | Noticed Sigmund
  1208 | D:2      | Killed Sigmund
  1208 | D:2      | Reached XP level 3. HP: 6/33 MP: 4/6
  1208 | D:2      | Reached XP level 4. HP: 7/40 MP: 4/7
  1208 | D:2      | Reached XP level 5. HP: 8/46 MP: 4/8
  1468 | D:2      | Reached * piety under Lugonu
  1509 | D:2      | Noticed Robin
  1522 | D:2      | Killed Robin
  1522 | D:2      | Reached skill level 5 in Axes
  1633 | D:2      | Found a burning altar of Makhleb.
  1690 | D:2      | Reached XP level 6. HP: 44/52 MP: 9/9
  1756 | D:2      | Noticed Jessica
  1770 | D:2      | Killed Jessica
  1783 | D:2      | Gained mutation: You are frail. (-10% HP) [potion of mutation]
  1783 | D:2      | Gained mutation: Your spells are a little harder to cast, but a little more powerful. [potion of mutation]
  1783 | D:2      | Gained mutation: You are partially covered in icy blue scales. (AC +2) [potion of mutation]
  1783 | D:2      | Gained mutation: You passively map a small area around you. [potion of mutation]
  1854 | D:2      | Found a white marble altar of Elyvilon.
  1918 | D:2      | Found a basalt altar of Yredelemnul.
  2338 | D:3      | Reached skill level 5 in Invocations
  2477 | D:3      | Reached skill level 1 in Evocations
  2534 | D:3      | Found a bloodstained altar of Trog.
  2535 | D:3      | Found a hide-covered altar of Uskayaw.
  2587 | D:3      | Found a faded altar of an unknown god.
  2590 | D:3      | Reached ** piety under Lugonu
  2991 | D:3      | Reached XP level 7. HP: 54/54 MP: 10/10
  3204 | D:4      | Reached skill level 5 in Fighting
  3822 | D:4      | Learned a level 2 spell: Blink
  3834 | D:4      | Found a runed door.
  3863 | D:4      | Found an ornate altar of the Wu Jian Council.
  4244 | D:4      | Noticed Crazy Yiuf
  4252 | D:4      | Killed Crazy Yiuf
  4410 | D:5      | Entered Level 5 of the Dungeon
  4590 | D:5      | Reached XP level 8. HP: 59/63 MP: 11/11
  4592 | D:5      | Noticed Pikel
  4627 | D:5      | Killed Pikel
  4670 | D:5      | Reached *** piety under Lugonu
  4808 | D:5      | Found a deep blue altar of Sif Muna.
  4808 | D:5      | Found a glowing golden altar of the Shining One.
  4809 | D:5      | Found an ancient bone altar of Kikubaaqudgha.
  4857 | D:6      | Noticed Grinder
  4865 | D:6      | Killed Grinder
  5012 | D:6      | Reached XP level 9. HP: 69/72 MP: 13/13
  5112 | D:6      | Found a glowing silver altar of Zin.
  5211 | D:6      | Found a staircase to the Ecumenical Temple.
  5232 | Temple   | Entered the Ecumenical Temple
  5853 | D:7      | Reached skill level 10 in Axes
  5879 | D:7      | Found a runed door.
  6083 | D:7      | Found a runed door.
  6115 | D:7      | Noticed Ijyb
  6149 | D:7      | Reached skill level 5 in Armour
  6162 | D:7      | Reached XP level 10. HP: 83/83 MP: 14/14
  6173 | D:7      | Reached skill level 10 in Fighting
  6199 | D:7      | Killed Ijyb
  6224 | D:7      | Reached **** piety under Lugonu
  6299 | D:7      | Found a runed door.
  6303 | D:7      | Found a runed door.
  6336 | D:7      | Found a shattered altar of Ashenzari.
  6348 | D:7      | Found a stormy altar of Qazlal.
  6371 | D:7      | Found a sacrificial altar of Ru.
  6383 | D:7      | Found a radiant altar of Vehumet.
  6563 | D:7      | Found a runed door.
  6661 | D:8      | Found a roughly hewn altar of Beogh.
  6666 | D:8      | Noticed a two-headed ogre
  6843 | D:8      | Killed a two-headed ogre
  7253 | D:8      | Found a staircase to the Lair.
  7335 | D:8      | Noticed a two-headed ogre
  7335 | D:8      | Reached XP level 11. HP: 77/91 MP: 15/15
  7352 | D:8      | Killed a two-headed ogre
  7356 | D:8      | Reached ***** piety under Lugonu
  7687 | Lair:1   | Entered Level 1 of the Lair of Beasts
  7896 | Lair:1   | Noticed an eight-headed hydra
  8991 | D:9      | Noticed a two-headed ogre
  9006 | D:9      | Killed a two-headed ogre
  9310 | D:10     | Entered Level 10 of the Dungeon
  9378 | D:10     | Got a scorched ring mail
  9585 | D:10     | Identified the +7 ring mail of the Camelopard {Dex+3} (You found it on level 10 of the Dungeon)
  9661 | D:10     | Learned a level 3 spell: Regeneration
  9680 | D:10     | Noticed kroki's ghost (novice MiAE)
  9688 | D:10     | Noticed a two-headed ogre
  9688 | D:10     | Killed kroki's ghost
  9699 | D:10     | Killed a two-headed ogre
 10045 | D:10     | Reached XP level 12. HP: 99/101 MP: 17/17
 10245 | D:10     | Noticed a two-headed ogre
 10257 | D:10     | Killed a two-headed ogre
 10449 | D:11     | Noticed Psyche
 10479 | D:11     | Killed Psyche
 10508 | D:11     | Reached skill level 10 in Armour
 10647 | D:11     | Noticed a four-headed hydra
 10662 | D:11     | Killed a four-headed hydra
 10698 | D:11     | Reached ****** piety under Lugonu
 11027 | D:11     | Noticed a five-headed hydra
 11057 | D:11     | Killed a five-headed hydra
 11115 | D:11     | Gained mutation: You are resistant to hostile enchantments. (MR+) [mutagenic meat]
 11116 | D:11     | Gained mutation: You are agile. (Dex +2) [mutagenic meat]
 11117 | D:11     | Gained mutation: Your muscles are strong. (Str +2) [mutagenic meat]
 11382 | D:11     | Reached skill level 15 in Axes
 11603 | D:12     | Found a staircase to the Orcish Mines.
 11698 | D:12     | Found a roughly hewn altar of Beogh.
 12320 | D:12     | Gained mutation: You expend magic power (3 MP) to strengthen your wands. [mutagenic meat]
 12321 | D:12     | Lost mutation: Your muscles are strong. (Str +2) [mutagenic meat]
 12603 | D:13     | Found Neamaur's Food Shoppe.
 12727 | D:13     | Reached XP level 13. HP: 49/110 MP: 15/19
 13053 | D:13     | HP: 3/166 [skeletal warrior/short sword (8)]
 13642 | D:13     | Found a basalt altar of Yredelemnul.
 14121 | D:13     | Reached skill level 5 in Dodging
 14390 | D:14     | Noticed an ogre mage
 14408 | D:14     | Killed an ogre mage
 14891 | D:14     | Found a gate to the Vaults.
 15473 | D:15     | Entered Level 15 of the Dungeon
 15502 | D:15     | Noticed Azrael
 15918 | D:14     | Reached skill level 15 in Fighting
 16279 | D:15     | Noticed Rupert
 16808 | D:15     | Killed Azrael
 16808 | D:15     | Reached XP level 14. HP: 35/121 MP: 20/20
 17452 | D:15     | Noticed Nessos
 17468 | D:15     | Killed Nessos
 18035 | Orc:1    | Entered Level 1 of the Orcish Mines
 18162 | Orc:1    | Paralysed by an orc sorcerer for 3 turns
 18315 | Orc:1    | Found a roughly hewn altar of Beogh.
 18381 | Orc:2    | Entered Level 2 of the Orcish Mines
 18405 | Orc:2    | Found a staircase to the Elven Halls.
 18462 | Orc:2    | Found a labyrinth entrance.
 18486 | Lab      | Entered a labyrinth
 18565 | Lab      | Identified the Tome of Fetching Feathers
 18602 | Orc:2    | Found a dark tunnel.
 18607 | Volcano  | Entered a volcano
 18614 | Volcano  | Lost mutation: You are resistant to hostile enchantments. (MR+) [potion of mutation]
 18614 | Volcano  | Lost mutation: You are agile. (Dex +2) [potion of mutation]
 18614 | Volcano  | Lost mutation: Your spells are a little harder to cast, but a little more powerful. [potion of mutation]
 18614 | Volcano  | Lost mutation: You are frail. (-10% HP) [potion of mutation]
 18614 | Volcano  | Lost mutation: You passively map a small area around you. [potion of mutation]
 18614 | Volcano  | Gained mutation: Your spells are a little harder to cast, but a little more powerful. [potion of mutation]
 18614 | Volcano  | Gained mutation: Your system is resistant to poisons. (rPois) [potion of mutation]
 18614 | Volcano  | Gained mutation: You are robust. (+10% HP) [potion of mutation]
 19188 | Volcano  | Noticed a stone giant
 19197 | Volcano  | Killed a stone giant
 19210 | Volcano  | Found a radiant altar of Vehumet.
 19425 | Orc:2    | Found Zaick's Weapon Emporium.
 20353 | Orc:2    | Found Jaukki's Jewellery Emporium.
 20354 | Orc:2    | Found Uzoonn's Armour Boutique.
 20359 | Orc:2    | Found Ameimimm's General Store.
 20363 | Orc:2    | Bought a scroll of enchant armour for 97 gold pieces
 20363 | Orc:2    | Bought a scroll of teleportation for 39 gold pieces
 20363 | Orc:2    | Bought a scroll of enchant armour for 97 gold pieces
 20378 | Orc:2    | Bought a +2 cloak of invisibility for 215 gold pieces
 20399 | Orc:2    | Bought an uncursed amulet of guardian spirit for 360 gold pieces
 20413 | Orc:2    | Upgraded the game from 0.20-a0-1086-g4bd2f5b to 0.20-a0-1088-gd50b1d5
 21762 | Lair:2   | Reached XP level 15. HP: 161/161 MP: 21/21
 21772 | Lair:2   | Found a frozen archway.
 21824 | IceCv    | Entered an ice cave
 23270 | Lair:3   | Found a hole to the Spider Nest.
 23334 | Lair:3   | Noticed Gastronok
 23347 | Lair:3   | Killed Gastronok
 23356 | Lair:3   | Reached skill level 5 in Evocations
 24010 | Lair:3   | Noticed Nergalle
 24017 | Lair:3   | Killed Nergalle
 24273 | Lair:3   | Found a staircase to the Swamp.
 24755 | Lair:4   | You are sucked into a shaft for 2 floors!
 24755 | Lair:6   | Entered Level 6 of the Lair of Beasts
 25911 | Lair:5   | Found a staircase to the Slime Pits.
 25911 | Lair:5   | Found a viscous altar of Jiyva.
 26062 | Lair:5   | Identified a scroll of acquirement
 26383 | Lair:6   | Reached XP level 16. HP: 129/174 MP: 18/22
 27521 | Lair:6   | Found a large runed door.
 27522 | Lair:6   | Found a large runed door.
 27997 | Abyss:1  | Found a corrupted altar of Lugonu.
 28309 | Lair:1   | Escaped the Abyss
 28954 | Lair:1   | Got a translucent pewter ring
 28962 | Lair:1   | Identified the ring of Kikeuh {EV+3 Str+6} (You found it on level 1 of the Lair of Beasts)
 29219 | Swamp:1  | Entered Level 1 of the Swamp
 30054 | Swamp:1  | Noticed Aizul
 30078 | Swamp:1  | Killed Aizul
 30514 | Swamp:1  | Noticed Roxanne
 30540 | Swamp:1  | Killed Roxanne
 31433 | Swamp:2  | Noticed a thorn hunter
 31445 | Swamp:2  | Killed a thorn hunter
 31446 | Swamp:2  | Noticed Frances
 31463 | Swamp:2  | Killed Frances
 31535 | Swamp:2  | Reached XP level 17. HP: 116/187 MP: 18/23
 32628 | Swamp:3  | Noticed Louise
 32651 | Swamp:3  | Killed Louise
 33013 | Swamp:4  | Entered Level 4 of the Swamp
 33943 | Swamp:4  | Got a decaying rune of Zot
 34873 | Spider:1 | Entered Level 1 of the Spider Nest
 35264 | Spider:1 | Got a fine crystal plate armour
 35275 | Spider:1 | Identified the +7 crystal plate armour of Fopuk {Dex+4} (You acquired it on level 1 of the Spider Nest)
 35490 | Spider:2 | Noticed Arachne
 35555 | Spider:2 | Killed Arachne
 35555 | Spider:2 | Reached XP level 18. HP: 164/200 MP: 21/24
 37064 | Spider:4 | Entered Level 4 of the Spider Nest
 37560 | Spider:4 | Noticed Donald
 37579 | Spider:4 | Killed Donald
 38311 | Spider:4 | Got a gossamer rune of Zot
 38537 | Spider:4 | Got a translucent quarterstaff
 38538 | Spider:4 | Identified the +4 quarterstaff "Legobla" {crush, +Rage +Inv rPois Dex-5} (You acquired it on level 4 of the Spider Nest)
 39036 | D:15     | Killed Rupert
 39197 | D:15     | Reached XP level 19. HP: 200/210 MP: 22/25
 39345 | D:15     | Found a staircase to the Depths.
 39391 | D:15     | Got an ancient halberd
 39392 | D:15     | Identified the +6 halberd of Parts Unknown {chop, Fragile rN+ Str-3 Dex+9} (You found it on level 15 of the Dungeon)
 39515 | Depths:1 | Entered Level 1 of the Depths
 40059 | Depths:1 | Found a one-way gate leading to the halls of Pandemonium.
 40458 | Depths:1 | Reached skill level 27 in Axes
 40553 | Depths:1 | Found a radiant altar of Vehumet.
 40778 | Depths:1 | Found a gateway to Hell.
 40971 | Depths:2 | Reached skill level 10 in Invocations
 41365 | Depths:2 | Noticed a tentacled monstrosity
 41369 | Depths:2 | Killed a tentacled monstrosity
 41401 | Depths:2 | Noticed a juggernaut
 41412 | Depths:2 | Killed a juggernaut
 41516 | Depths:2 | Learned a level 1 spell: Apportation
 41783 | Depths:2 | Reached XP level 20. HP: 195/220 MP: 26/29
 41827 | Depths:2 | Paralysed by a floating eye for 3 turns
 41846 | Depths:2 | Paralysed by a great orb of eyes for 4 turns
 41899 | Depths:2 | Found Edodoc's Jewellery Boutique.
 42610 | Depths:3 | Noticed a lich
 42612 | Depths:3 | Noticed an ancient lich
 42637 | Depths:3 | Killed a lich
 42653 | Depths:3 | Killed an ancient lich
 43410 | Depths:3 | Found a one-way gate to the infinite horrors of the Abyss.
 43448 | Depths:3 | Voluntarily entered the Abyss.
 43460 | Depths:3 | Escaped the Abyss
 43464 | Depths:3 | Voluntarily entered the Abyss.
 43654 | Abyss:2  | Found a corrupted altar of Lugonu.
 43914 | Abyss:3  | Found a corrupted altar of Lugonu.
 44159 | Abyss:3  | Found a corrupted altar of Lugonu.
 44263 | Abyss:3  | Found a runed door.
 44263 | Abyss:3  | Found a runed door.
 44263 | Abyss:3  | Found a runed door.
 44263 | Abyss:3  | Found a runed door.
 44263 | Abyss:3  | Found a runed door.
 44570 | Abyss:3  | Reached XP level 21. HP: 174/236 MP: 28/31
 44573 | Abyss:3  | Got an abyssal rune of Zot
 44574 | Depths:3 | Escaped the Abyss
 45653 | Depths:3 | Found Nippos's Jewellery Shoppe.
 45654 | Depths:3 | Found Mate's Gadget Shop.
 45655 | Depths:3 | Found Oclokarph's Jewellery Shoppe.
 45664 | Depths:3 | Bought the ring "Kuijy" {*Contam rPois rF+ MR+ Dex+4} for 579 gold pieces
 45664 | Depths:3 | Bought an uncursed amulet of regeneration for 390 gold pieces
 45890 | Lair:1   | Lost mutation: You are robust. (+10% HP) [potion of mutation]
 45890 | Lair:1   | Lost mutation: You are partially covered in icy blue scales. (AC +2) [potion of mutation]
 45890 | Lair:1   | Gained mutation: Armour fits poorly on your strangely shaped body. [potion of mutation]
 45890 | Lair:1   | Gained mutation: You are robust. (+10% HP) [potion of mutation]
 46004 | Spider:3 | Lost mutation: You expend magic power (3 MP) to strengthen your wands. [potion of mutation]
 46004 | Spider:3 | Lost mutation: You are robust. (+10% HP) [potion of mutation]
 46004 | Spider:3 | Gained mutation: Your body sometimes deteriorates upon taking damage. [potion of mutation]
 46004 | Spider:3 | Gained mutation: You are frail. (-10% HP) [potion of mutation]
 46004 | Spider:3 | Lost mutation: You are frail. (-10% HP) [potion of mutation]
 46333 | Depths:3 | Voluntarily entered the Abyss.
 46340 | Abyss:1  | Noticed a bone dragon
 46362 | Abyss:1  | Killed a bone dragon
 46497 | Abyss:2  | Found a shadowy altar of Dithmenos.
 47041 | Abyss:2  | Found a corrupted altar of Lugonu.
 47105 | Depths:3 | Escaped the Abyss
 47288 | Depths:3 | Voluntarily entered the Abyss.
 47377 | Depths:3 | Escaped the Abyss
 47500 | Depths:3 | Voluntarily entered the Abyss.
 47505 | Abyss:1  | Noticed a bone dragon
 47519 | Abyss:1  | Killed a bone dragon
 47819 | Abyss:2  | Reached XP level 22. HP: 119/232 MP: 32/32
 47955 | Abyss:2  | Noticed a profane servitor
 47964 | Abyss:2  | Reached skill level 27 in Fighting
 47971 | Depths:3 | Escaped the Abyss
 48017 | Depths:3 | Voluntarily entered the Abyss.
 48143 | Depths:3 | Escaped the Abyss
 48330 | Depths:3 | Voluntarily entered the Abyss.
 48479 | Depths:3 | Escaped the Abyss
 48481 | Depths:3 | Voluntarily entered the Abyss.
 48637 | Abyss:1  | Reached skill level 15 in Invocations
 48709 | Abyss:1  | Noticed a profane servitor
 48711 | Depths:3 | Escaped the Abyss
 48713 | Depths:3 | Voluntarily entered the Abyss.
 48946 | Abyss:3  | Found a corrupted altar of Lugonu.
 49222 | Abyss:3  | Gained mutation: Your flesh is heat resistant. (rF+) [mutagenic meat]
 49304 | Depths:3 | Escaped the Abyss
 49532 | Depths:3 | Voluntarily entered the Abyss.
 49829 | Depths:3 | Escaped the Abyss
 49960 | Depths:3 | Voluntarily entered the Abyss.
 49977 | Abyss:1  | Found a corrupted altar of Lugonu.
 50205 | Abyss:2  | Found a corrupted altar of Lugonu.
 50208 | Abyss:2  | Got a steaming trident
 50209 | Abyss:2  | Identified the +7 trident "Daot" {elec, -Tele Str+4 Int+2} (You found it on level 2 of the Abyss)
 50597 | Abyss:3  | Found a corrupted altar of Lugonu.
 50778 | Abyss:4  | Gained mutation: You are dopey. (Int -2) [a neqoxec]
 50796 | Abyss:4  | Reached XP level 23. HP: 107/192 MP: 36/36
 50997 | Depths:3 | Escaped the Abyss
 51417 | Vaults:1 | Entered Level 1 of the Vaults
 51611 | Vaults:1 | Gained mutation: You passively map a small area around you. [mutagenic meat]
 51612 | Vaults:1 | Gained mutation: You have a somewhat thin skeletal structure. (Dex +2, Stealth) [mutagenic meat]
 51613 | Vaults:1 | Gained mutation: Your spells are harder to cast, but more powerful. [mutagenic meat]
 51614 | Vaults:1 | Gained mutation: You are frail. (-10% HP) [mutagenic meat]
 51615 | Vaults:1 | Lost mutation: You are dopey. (Int -2) [mutagenic meat]
 51616 | Vaults:1 | Lost mutation: You are frail. (-10% HP) [mutagenic meat]
 51764 | Vaults:1 | Gained mutation: You are agile. (Dex +2) [mutagenic meat]
 51765 | Vaults:1 | Lost mutation: Your spells are harder to cast, but more powerful. [mutagenic meat]
 53377 | Vaults:2 | HP: 12/240 [mirror damage (18)]
 53882 | Vaults:2 | Gained mutation: Your movements are slightly less encumbered by armour. (ER -2) [mutagenic meat]
 53989 | Vaults:2 | Noticed Xtahua
 53994 | Vaults:2 | Killed Xtahua
 54196 | Vaults:2 | Reached XP level 24. HP: 249/249 MP: 38/38
 54806 | Vaults:3 | Gained mutation: Your body often deteriorates upon taking damage. [mutagenic meat]
 54807 | Vaults:3 | Gained mutation: You are very agile. (Dex +4) [mutagenic meat]
 54898 | Vaults:3 | Gained mutation: You have an increased reservoir of magic. (+10% MP) [mutagenic meat]
 55085 | Vaults:3 | Lost mutation: Armour fits poorly on your strangely shaped body. [mutagenic meat]
 55749 | Vaults:3 | Found a staircase to the Crypt.
 55839 | Vaults:3 | Lost mutation: Your body often deteriorates upon taking damage. [mutagenic meat]
 55840 | Vaults:3 | Gained mutation: Your flesh is very heat resistant. (rF++) [mutagenic meat]
 56210 | Vaults:4 | Got an ancient cloak
 56346 | Vaults:4 | Identified the cursed +0 cloak "Peg Asuch" {Regen+ Int+4} (You found it on level 4 of the Vaults)
 56379 | Vaults:4 | Found Ogreru's Gadget Shoppe.
 56392 | Vaults:4 | Bought a wand of scattershot (6/9) for 570 gold pieces
 56437 | Vaults:4 | Lost mutation: Your system is resistant to poisons. (rPois) [potion of mutation]
 56437 | Vaults:4 | Lost mutation: Your body sometimes deteriorates upon taking damage. [potion of mutation]
 56437 | Vaults:4 | Lost mutation: You have a somewhat thin skeletal structure. (Dex +2, Stealth) [potion of mutation]
 56437 | Vaults:4 | Lost mutation: You are very agile. (Dex +4) [potion of mutation]
 56437 | Vaults:4 | Lost mutation: You are agile. (Dex +2) [potion of mutation]
 56437 | Vaults:4 | Lost mutation: Your spells are a little harder to cast, but a little more powerful. [potion of mutation]
 56437 | Vaults:4 | Gained mutation: You have a pair of small horns on your head. [potion of mutation]
 56446 | Vaults:4 | Gained mutation: You are clumsy. (Dex -2) [mutagenic meat]
 56447 | Vaults:4 | Lost mutation: You are clumsy. (Dex -2) [mutagenic meat]
 56448 | Vaults:4 | Gained mutation: Your body sometimes deteriorates upon taking damage. [mutagenic meat]
 56449 | Vaults:4 | Lost mutation: Your body sometimes deteriorates upon taking damage. [potion of mutation]
 56449 | Vaults:4 | Lost mutation: Your flesh is very heat resistant. (rF++) [potion of mutation]
 56449 | Vaults:4 | Lost mutation: Your movements are slightly less encumbered by armour. (ER -2) [potion of mutation]
 56449 | Vaults:4 | Lost mutation: You have an increased reservoir of magic. (+10% MP) [potion of mutation]
 56449 | Vaults:4 | Gained mutation: You have sharp toenails. [potion of mutation]
 56449 | Vaults:4 | Gained mutation: Your spells are a little harder to cast, but a little more powerful. [potion of mutation]
 56623 | Vaults:4 | Got a twisted chain mail
 56634 | Vaults:4 | Identified the +8 chain mail "Hoth" {rF+ Str+3 Int-5 Slay+2} (You found it on level 4 of the Vaults)
 57083 | Vaults:4 | Reached XP level 25. HP: 216/257 MP: 40/40
 57166 | Vaults:4 | Reached skill level 27 in Invocations
 57910 | Vaults:5 | Entered Level 5 of the Vaults
 57969 | Vaults:5 | Gained mutation: You are weak. (Str -2) [a shining eye]
 58036 | Abyss:1  | Reached skill level 15 in Armour
 58037 | Abyss:1  | HP: 11/257 [starcursed mass/accursed screaming (10)]
 58038 | Abyss:1  | HP: 5/257 [starcursed mass/accursed screaming (7)]
 58039 | Abyss:1  | Killed from afar by a starcursed mass

Vault maps used:
D:1:      dpeg_arrival_oval, minmay_misc_feat_cross, hangedman_decor_points
D:2:      kennysheep_ying_yang, bloody_makhleb, uniq_sigmund, uniq_robin,
          uniq_jessica
D:3:      gammafunk_temple_overflow_statue,
          chequers_ecumenical_altar_simple_redux
D:4:      lemuel_crystal_altar, roderic_serpentine_path, minmay_misc_feat_roman,
          uniq_crazy_yiuf_cottage
D:5:      gammafunk_temple_overflow_forgotten, first_bread, uniq_pikel
D:6:      kennysheep_spiral_hall, temple_fountains, basic_altar, uniq_grinder
D:7:      erik_cavepeople, nicolae_overflow_quartered_altars
D:8:      david_lair_shrubbed, special_room, hangedman_pestilent_swarm
D:11:     st_stairs_4, kennysheep_crisscross, uniq_psyche
D:12:     minmay_orc_entry_temple_small, corexii_hall_statues_deadend,
          minmay_misc_feat_doors
D:13:     serial_shops, nicolae_shop_behind_doors,
          lemuel_mausoleum_altar_yredelemnul
D:14:     david_vaults_2, serial_column_ruins, column_ruins_hut,
          column_ruins_circle_large, column_ruins_corridor_corner,
          column_ruins_open_tiny, column_ruins_corridor_corner,
          column_ruins_corridor_straight, column_ruins_grid_1,
          minmay_misc_feat_square
D:15:     hangedman_depths_entry_civil_slaughter, minivault_27, uniq_azrael,
          uniq_nessos, uniq_rupert
Temple:   corrupted_temple
Lair:1:   minmay_lair_oklob_chamber
Lair:2:   portal_ice_cave_rime, grunt_megastairs_2, infiniplex_staircase_pool
Lair:3:   minmay_swamp_entry_worms, nicolae_spider_entry_non_spiders, pond,
          grunt_megastairs_4, uniq_gastronok, uniq_nergalle
Lair:4:   serial_bayou_lagoon_a
Lair:5:   slime_altar_1
Lair:6:   cheibrodos_lair_end_hotspot
Swamp:1:  evilmike_swamp_ruin_rubble_1, swamp_pool4, uniq_roxanne, uniq_aizul
Swamp:2:  serial_swamp_ruin, evilmike_swamp_ruin_house_1,
          evilmike_swamp_ruin_house_3, uniq_frances
Swamp:3:  hangedman_swamp_ruin_hall, uniq_louise
Swamp:4:  swamp_alternative
Spider:2: uniq_arachne
Spider:3: hangedman_spider_tarantella_strand
Spider:4: grunt_spider_rune_circles, uniq_donald
Orc:1:    serial_shops, shop, david_defended_altar_orc, uniq_josephine
Orc:2:    st_orc_elflike, lab_entry_generic, enter_volcano_4
Vaults:1: v_alt_pattern_5, v_alt_pattern_2, nicolae_vaults_angled_halls,
          nicolae_vaults_little_squares_4, vaults_room_semicircle,
          vaults_dpeg_hooks, nicolae_vaults_border_crossing,
          vaults_room_grunt_arrival_ludios, nicolae_vaults_little_squares_6,
          ontoclasm_vaults_ring_square, vaults_room_grid, v_misc_11,
          nicolae_vaults_little_squares_4
Vaults:2: vaults_room_large_hall, vaults_room_corners, hangedman_vaults_hat,
          vaults_room_pool, v_misc_13, vaults_room_door_hall,
          nicolae_vaults_asterisk, hangedman_vaults_restitches, uniq_xtahua
Vaults:3: v_misc_13, nicolae_vaults_asterisk, grunt_vaults_swirl,
          nicolae_vaults_fighting_squares, vaults_room_fours, vaults_room_boxed,
          vaults_mumra_hexcomb, ontoclasm_vaults_chip, v_misc_2,
          vaults_room_hallway, minmay_crypt_entry_skeletal_spiral,
          vaults_room_hallway, ontoclasm_vaults_shuriken
Vaults:4: st_more_cells, hangedman_vaults_nodes, hangedman_vaults_river_flow,
          vaults_mumra_lcd, v_misc_29, vaults_dpeg_diagonal,
          ontoclasm_vaults_ring_large, grunt_vaults_focal,
          nicolae_vaults_little_squares_5, v_misc_27, serial_shops, shop
Depths:1: grunt_pan_entry_zigzag, pf_hell_entry_tar_spiral, lemuel_statue_altar,
          grunt_ministairs_5, spider_trap, statue_in_the_mist_lemuel,
          minmay_tree_intersection, st_stairs_14, kennysheep_potato
Depths:2: minmay_open_boxes_in_corner, lightli_too_deep, dk_noncrumbling_3,
          serial_shops, shop, minmay_staircase_bubble
Depths:3: minmay_guarded_unrand_majin_bo, hell_entry, abyss_entry,
          rand_demon_pan_entry_7, kennysheep_generic_room_10, minmay_shop_grove,
          infiniplex_staircase_pool_1
Abyss:1:  hangedman_abyss_or_decor_lesser_grid, evilmike_abyss_exit_13,
          evilmike_abyss_exit_vortex, serial_sigils_hangedman_quiver,
          evilmike_abyss_exit_kraken, evilmike_abyss_exit_7
Abyss:2:  hangedman_abyss_theft, evilmike_abyss_exit_glass,
          hangedman_abyss_exit_choices
Abyss:3:  guppyfry_abyss_exit_glass_guarded, minivault_24,
          hangedman_abyss_rune_flesh_and_stone, evilmike_abyss_exit_11,
          evilmike_abyss_exit_plants, hangedman_abyss_or_decor_slice
Lab:      labyrinth_hidden_loot, nicolae_lab_lava, labyrinth_skeletal_remains,
          labyrinth_fake_exit, nicolae_lab_swirl, nicolae_lab_garden,
          lab_fountain, nicolae_lab_diamond, nicolae_lab_blocks,
          nicolae_lab_grate_2, nicolae_lab_hexagon, nicolae_lab_plus,
          labyrinth_lava_lair
IceCv:    ice_cave_small_demon
Volcano:  volcano_grotto

Skill      XL: |  1  2  3  4  5  6  7  8  9 10 11 12 13 14 15 16 17 18 19 20 21 22 23 24 25 |
---------------+----------------------------------------------------------------------------+-----
Axes           | 3 4 5 7 9 11 12 14 15 16 18 20 21 23 25 27 | 27.0
Dodging        | 1 3 4 5 |  5.0
Fighting       | 4 6 8 9 11 12 13 15 17 18 20 21 22 24 26 27 | 27.0
Armour         | 3 4 5 7 9 11 12 15 | 15.0
Invocations    | 4 5 6 7 8 13 14 19 23 26 27 | 27.0
Evocations     | 1 3 7 8 |  8.0

Action                   |  1- 3 |  4- 6 |  7- 9 | 10-12 | 13-15 | 16-18 | 19-21 | 22-24 | 25-27 || total
-------------------------+-------+-------+-------+-------+-------+-------+-------+-------+-------++-------
Melee: Hand axe          |    54 |   173 |   416 |  1092 |   606 |       |       |       |       ||  2341
       Battleaxe         |       |       |       |       |   930 |   338 |       |       |       ||  1268
       Executioner's axe |       |       |       |       |       |   946 |  1292 |  1400 |    93 ||  3731
       Headbutt          |       |       |       |       |       |       |       |    26 |    29 ||    55
 Fire: Hunting sling     |       |    28 |    11 |       |       |       |       |       |       ||    39
Invok: Depart the Abyss  |     1 |       |       |       |       |     1 |     3 |     5 |       ||    10
       Enter the Abyss   |       |       |       |       |       |     1 |       |       |     1 ||     2
 Abil: Stop Flying       |       |       |       |       |       |       |       |     1 |       ||     1
       Evoke Flight      |       |       |       |       |       |       |       |     1 |       ||     1
Evoke: Wand              |       |       |     5 |    19 |    13 |     6 |       |       |     1 ||    44
       Box of beasts     |       |       |       |       |       |     1 |       |       |       ||     1
  Use: Potion            |     6 |     2 |     2 |     4 |     7 |    11 |     7 |     4 |     4 ||    47
       Scroll            |     5 |     3 |     8 |    14 |    16 |    12 |     8 |     4 |     5 ||    75
 Stab: Confused          |       |       |       |     1 |       |     4 |       |       |       ||     5
       Distracted        |       |       |       |       |     1 |       |       |     1 |       ||     2
       Held in net/web   |       |       |       |       |       |     1 |       |       |       ||     1
  Eat: Chunk             |     1 |     6 |    16 |    26 |    11 |     8 |    16 |    38 |     1 ||   123
       Meat ration       |       |       |     2 |       |     2 |     1 |       |     2 |       ||     7
       Bread ration      |       |       |       |     1 |     2 |     6 |     3 |     2 |     1 ||    15
       Fruit             |       |       |       |       |    17 |     5 |     3 |       |     2 ||    27
Armor: Leather armour    |    28 |       |       |       |       |       |       |       |       ||    28
       Chain mail        |     6 |    95 |   243 |   223 |       |       |       |       |       ||   567
       Ring mail         |       |       |       |   208 |   364 |       |       |       |       ||   572
       Skin              |       |       |       |       |     3 |       |       |       |       ||     3
       Plate armour      |       |       |       |       |   475 |   632 |       |       |       ||  1107
       Crystal plate arm |       |       |       |       |       |   548 |   957 |   792 |    73 ||  2370
Dodge: Dodged            |    30 |    46 |   128 |   268 |   621 |   460 |   290 |   392 |    34 ||  2269
Block: Buckler           |       |     2 |    33 |    92 |    96 |       |       |       |       ||   223
